 Dungeon Crawl Stone Soup version 0.26.1-11-gd32895ea62 (webtiles) character file.

Game seed: 10614455080525973592

102 infcreate the Grave Robber (level 4, 25/25 HPs)
             Began as a Vampire Necromancer on Apr 20, 2021.
             Quit the game on level 3 of the Dungeon.
             The game lasted 00:06:20 (3192 turns).

infcreate the Grave Robber (Vampire Necromancer)    Turns: 3192, Time: 00:06:21

Health: 25/25      AC:  2    Str:  7    XL:     4   Next: 50%
Magic:  7/7        EV: 13    Int: 17    God:
Gold:   79         SH:  0    Dex: 15    Spells: 2/7 levels left

rFire    . . .     SeeInvis +   j - +0 dagger
rCold    + + .     Faith    .   (no shield)
rNeg     + + +     Spirit   .   a - +0 robe
rPois    ∞         Reflect  .   (no helmet)
rElec    .         Harm     .   (no cloak)
rCorr    .         Rampage  .   (no gloves)
Will     .....                  (no boots)
Stlth    +++++.....             (no amulet)
HPRegen  0.08/turn              (no ring)
MPRegen  0.10/turn              (no ring)

@: bloodless
A: fangs 3, see invisible, unbreathing
a: Bat Form, Revivify


You were on level 3 of the Dungeon.
You visited 1 branch of the dungeon, and saw 3 of its levels.

You collected 79 gold pieces.


Innate Abilities, Weirdness & Mutations

You do not regenerate when monsters are visible.
You are frail without blood (-20% HP).
You can heal yourself when you bite living creatures.
You are immune to poison.
You have razor-sharp teeth.
You have supernaturally acute eyesight. (SInv)
You can survive without breathing.


   Skills:
 + Level 1.0 Fighting
 * Level 1.7 Short Blades
 * Level 3.0 Dodging
 * Level 4.2 Stealth
 + Level 2.3 Spellcasting
 * Level 4.8 Necromancy


You had 2 spell levels left.
You knew the following spells:

 Your Spells              Type           Power        Failure   Level
a - Animate Skeleton      Necr           36%          2%          1
p - Pain                  Necr           72%          2%          1
v - Vampiric Draining     Necr           9%           8%          3

Your spell library contained the following spells:

 Spells                   Type           Power        Failure   Level
 Animate Dead             Necr           9%           26%         4
 Agony                    Necr           18%          56%         5

Inventory:

Hand Weapons
 j - a +0 dagger (weapon)
Armour
 a - a +0 robe (worn)
Jewellery
 i - an uncursed ring of magical power {unknown}
Scrolls
 b - 2 scrolls of amnesia {unknown}
 c - a scroll of identify {unknown}
 g - a scroll of teleportation {unknown}
 h - a scroll of magic mapping {unknown}
Potions
 e - a potion of haste {unknown}
 f - a potion of cancellation {unknown}

Dungeon Overview and Level Annotations

Branches:
Dungeon (3/15)

Altars:

## #.. . ... .
#. #.# .# . #.#
..# #.#.. .. #
#.###.#.##.#..#
#..?..........#
#$.@...#
###.#### #..
####


There were no monsters in sight!


Message History

Aiming: Vampiric Draining (quite dangerous; 8% risk of failure)
Press: ? - help, Shift-Dir - straight line, f/p - worm
Aim: a worm (severely wounded)
The worm is almost dead.
You feel life coursing into your body.
You hit the worm.
You kill the worm!
Your Dodging skill increases to level 3!
Your magical contamination has completely faded away.
Found a robe.
You see here a robe.
You see here a leather armour.
Done exploring.
Done exploring.
Search for what [Enter for "short blade", or ? for help]? dagger You see here a +0 dagger.
j - a +0 dagger
j - a +0 dagger (weapon)
Drop what? 10/52 slots (_ for help) (? for menu, Esc to quit)
You drop a +0 short sword.
Done exploring.
There is a stone staircase leading down here.
You climb downwards.
A bat comes into view.
Found 5 gold pieces and a scroll labelled ZIGRALL YRIT.
There is a stone staircase leading up here.
The helpless bat fails to defend itself.
You bite the bat, and draw its blood! You impale the bat!!
You kill the bat!
Are you sure you want to abandon this character and quit the game? (Confirm with "yes".)

Skill      XL: |  1  2  3  4 |
---------------+-------------+-----
Short Blades   | 1 |  1.7
Stealth        | 4 |  4.2
Fighting       | 1 |  1.0
Dodging        | 3 |  3.0
Spellcasting   | |  2.3
Necromancy     | |  4.8

Action                   |  1- 3 |  4- 6 || total
-------------------------+-------+-------++-------
Melee: Unarmed           |    25 |       ||    25
       Short sword       |    52 |    27 ||    79
       Bite              |     3 |     3 ||     6
       Dagger            |       |     1 ||     1
 Cast: Pain              |    40 |    11 ||    51
       Vampiric Draining |     1 |     2 ||     3
 Abil: Exsanguinate      |     1 |       ||     1
 Stab: Sleeping          |    18 |    10 ||    28
Armor: Robe              |    17 |     4 ||    21
Dodge: Dodged            |    46 |    13 ||    59

Levels and vault maps discovered:
D:1:      dpeg_arrival_line_fractal, layout_basic
D:2:      cheibrodos_helix_gallery, layout_loops_ring, minmay_box_of_dots
D:3:      layout_loops_cross, kennysheep_generic_room_15, uniq_jessica,
          uniq_ijyb

Notes
Turn   | Place    | Note
-------+----------+-------------------------------------------
     0 | D:1      | infcreate the Vampire Necromancer began the quest for the
                  | Orb.
     0 | D:1      | Reached XP level 1. HP: 13/13 MP: 3/3
   441 | D:1      | Reached XP level 2. HP: 15/15 MP: 5/5
   657 | D:1      | Learned a level 1 spell: Animate Skeleton
  1063 | D:1      | Reached skill level 1 in Short Blades
  1516 | D:1      | Reached XP level 3. HP: 18/20 MP: 3/6
  1520 | D:1      | Learned a level 3 spell: Vampiric Draining
  2154 | D:2      | Reached skill level 4 in Stealth
  2167 | D:2      | Reached skill level 1 in Fighting
  2167 | D:2      | Reached XP level 4. HP: 25/25 MP: 2/7
  2977 | D:2      | Reached skill level 3 in Dodging
  3192 | D:3      | Quit the game

Vanquished Creatures
  2 adders (D:2)
  An ooze (D:2)
  2 worms (D:2)
  2 dart slugs (D:1)
  A leopard gecko (D:1)
  5 giant cockroaches
  13 goblins
  9 hobgoblins
  3 jackals (D:1)
  8 kobolds
  A quokka (D:2)
  10 bats
  A frilled lizard (D:2)
  6 rats
64 creatures vanquished.

Table legend: (Time is in decaauts)
 A = Elapsed time spent in this place.
 B = Non-inter-level travel time spent in this place.
 C = Inter-level travel time spent in this place.
 D = Time resting spent in this place.
 E = Time spent auto-exploring this place.
 F = Levels seen in this place.
 G = Mean time per level.
                   A        B        C        D        E       F      G
               +--------+--------+--------+--------+--------+-----+--------+
         Total |   3194 |   3152 |     42 |    112 |   2560 |   3 | 1064.7 |
       Dungeon |   3194 |   3152 |     42 |    112 |   2560 |   3 | 1064.7 |
               +--------+--------+--------+--------+--------+-----+--------+

Top non-repeatable levels by time:
     D:1: 1894 daAuts
     D:2: 1298 daAuts
     D:3: 1 daAuts

Table legend:
 A = Non-vault XP
 B = Vault XP
 C = Vault XP percentage of total XP
 D = Non-vault monster count
 E = Vault monster count
 F = Vault count percentage of total count
                 A         B        C        D         E       F
            +---------+---------+-------+---------+---------+-------
      Total |     136 |      11 |   7.5 |      58 |       6 |   9.4
            +---------+---------+-------+---------+---------+-------
        D:1 |      60 |       0 |   0.0 |      33 |       0 |   0.0
        D:2 |      74 |      11 |  12.9 |      24 |       6 |  20.0
        D:3 |       2 |       0 |   0.0 |       1 |       0 |   0.0
            +---------+---------+-------+---------+---------+-------
